Map: Prion Terraces

Players

JonSnow - Winner!

  • Race: Zerg Zerg
  • League: Grandmaster

Pokebunny

  • Race: Terran Terran
  • League: Grandmaster

VOD

Have the link to the VOD?

Description

Time

  • Played on: April 6, 2016, 5:11 p.m.
  • Length: 9:37
Show
View Real Time Build Order
Export as new Build Order

JonSnow Zerg - Winner!

Build Orders: Hatch First 

Get SALT Encoding   

  12  0:01  Drone  
  13  0:12  Overlord  
  13  0:17  Drone  
  14  0:31  Drone x2  
  14  0:35  Drone  
  17  0:54  Hatchery  
  16  0:58  Drone  
  17  1:09  Drone  
  18  1:12  Extractor  
  18  1:17  Spawning Pool  
  16  1:20  Drone  
  16  1:25  Overlord  
  17  1:31  Drone  
  18  1:41  Drone  
  19  2:04  Queen  
  19  2:06  Zergling x4, Queen  
  19  2:07  Zergling x2  
  26  2:16  Drone  
  26  2:17  Drone  
  26  2:22  Metabolic Boost  
  28  2:25  Drone  
  29  2:37  Drone x2  
  29  2:41  Queen  
  32  2:44  Queen  
  32  2:48  Overlord  
  32  2:50  Drone  
  35  3:01  Overlord  
  35  3:07  Drone  
  35  3:08  Drone x2  
  35  3:11  Drone  
  39  3:17  Drone x4  
  39  3:19  Drone x2  
  45  3:21  Drone  
  45  3:24  Lair  
  45  3:27  Drone  
  47  3:29  Extractor  
  47  3:30  Extractor  
  47  3:34  Roach Warren  
  44  3:35  Drone  
  44  3:38  Drone  
  46  3:49  Drone x2  
  46  3:52  Hatchery, Extractor  
  46  3:53  Drone x2  
  48  4:03  Drone x3  
  48  4:09  Overlord x2  
  51  4:14  Overlord x2  
  51  4:20  Overlord  
  51  4:21  Glial Reconstitution  
  51  4:32  Roach x4  
  51  4:33  Drone  
  51  4:36  Drone  
  51  4:38  Drone x2  
  63  4:44  Drone x2  
  65  4:56  Drone, Evolution Chamber  
  65  4:57  Drone  
  65  4:58  Evolution Chamber  
  65  5:05  Overlord  
  65  5:07  Roach x5  
  69  5:08  Roach  
  69  5:11  Roach  
  69  5:13  Ravager  
  69  5:14  Ravager x2  
  82  5:15  Roach  
  82  5:20  Roach x2  
  88  5:25  Roach  
  90  5:30  Overlord  
  84  5:38  Roach  
  78  5:46  Roach x6  
  78  5:47  Zerg Missile Weapons Level 1  
  90  5:50  Drone  
  90  5:51  Drone x3  
  90  5:56  Zerg Ground Armor Level 1  
  92  5:58  Ravager  
  92  6:01  Overlord  
  92  6:03  Zergling x2  
  94  6:04  Drone  
  94  6:05  Drone x3  
  94  6:10  Extractor  
  97  6:12  Ravager  
  97  6:13  Overlord x2  
  98  6:20  Overlord  
  98  6:22  Roach  
  100  6:26  Roach x2  
  100  6:29  Roach  
  100  6:30  Overlord x2  
  100  6:32  Ravager x3  
  109  6:33  Ravager  
  109  6:35  Roach x2, Zergling x4  
  115  6:42  Roach x4  
  115  6:45  Zergling x2  
  122  6:47  Ravager  
  122  6:54  Roach x3  
  127  7:00  Roach x3  
  127  7:01  Roach  
  135  7:05  Ravager, Extractor  
  135  7:07  Drone x2  
  137  7:11  Overlord  
  137  7:13  Roach  
  137  7:15  Overlord  
  139  7:19  Hatchery  
  139  7:22  Roach  
  137  7:23  Roach  
  137  7:28  Roach  
  139  7:31  Overlord  
  139  7:34  Roach x4  
  147  7:45  Ravager  
  147  7:46  Ravager x2  
  147  7:48  Zergling x14  
  157  7:54  Zergling x4  
  157  7:58  Overlord  
  159  8:02  Overlord x2  
  159  8:10  Roach  
  159  8:11  Roach x2, Zergling x8  
  166  8:13  Ravager  
  166  8:15  Ravager  
  166  8:16  Zergling x2  
  166  8:20  Zergling x2  
  166  8:21  Zergling x2  
  166  8:23  Overseer  
  166  8:26  Roach  
  170  8:32  Zergling x6  
  175  8:34  Ravager x3  
  175  8:36  Queen  
  175  8:37  Zergling x12  
  185  8:41  Ravager  
  185  8:44  Zergling x8  
  185  8:48  Zergling x2  
  190  8:52  Ravager x2  
  190  8:53  Ravager  
  193  8:57  Zergling x6  
  194  9:03  Zergling x10  
  194  9:09  Infestation Pit  
Show
View Real Time Build Order
Export as new Build Order

Pokebunny Terran 

Build Orders: Reaper Expand, MMM Bio 

Get SALT Encoding   

  12  0:00  SCV  
  13  0:13  SCV  
  14  0:17  Supply Depot  
  14  0:25  SCV  
  15  0:38  SCV  
  15  0:40  Barracks  
  16  0:44  Refinery  
  16  0:51  SCV  
  17  1:03  SCV  
  18  1:15  SCV  
  19  1:28  Orbital Command, Reaper  
  20  1:40  Command Center  
  21  1:54  SCV  
  21  1:56  Supply Depot  
  21  2:00  Barracks Reactor  
  21  2:06  SCV  
  21  2:07  Barracks  
  22  2:15  Barracks  
  22  2:19  SCV  
  23  2:33  SCV  
  23  2:35  Refinery  
  24  2:40  Marine x2  
  26  2:45  SCV  
  27  2:53  Orbital Command  
  27  2:59  Barracks Tech Lab, Factory  
  27  3:02  SCV  
  28  3:06  Marine  
  28  3:07  Marine  
  28  3:10  Marine  
  31  3:18  SCV  
  32  3:20  Supply Depot  
  32  3:21  Stimpack  
  32  3:23  Marine  
  32  3:25  SCV  
  34  3:29  Marine x2  
  34  3:32  SCV  
  34  3:33  Marine  
  38  3:37  SCV  
  39  3:43  Engineering Bay  
  39  3:46  Starport, Factory Reactor  
  39  3:48  Marine  
  38  3:50  Marine  
  38  3:51  Marine  
  42  3:55  SCV x2  
  42  3:58  Marine  
  44  4:04  Supply Depot  
  44  4:12  Marine x2  
  44  4:16  SCV x2  
  48  4:18  Refinery  
  48  4:22  Barracks  
  48  4:24  Barracks  
  48  4:31  Medivac x2  
  52  4:34  Terran Infantry Weapons Level 1  
  52  4:36  Factory Tech Lab  
  52  4:37  SCV  
  53  4:38  SCV  
  53  4:44  Barracks Reactor, Marine x3  
  57  4:51  Supply Depot  
  57  4:53  SCV  
  57  4:54  SCV  
  59  5:01  Siege Tank  
  62  5:12  Supply Depot  
  62  5:13  Marine x5  
  67  5:17  SCV x2  
  67  5:19  Supply Depot  
  69  5:40  Marine  
  69  5:41  Marine x5  
  69  5:42  Siege Tank  
  71  5:43  Medivac x2  
  71  5:46  Supply Depot, SCV x2  
  71  5:48  Supply Depot  
  77  5:56  Marine  
  77  5:57  Combat Shields  
  77  5:58  Marine x2  
  77  5:59  Marine x4  
  83  6:14  Siege Tank, Marine  
  83  6:16  Marine x3  
  90  6:19  Supply Depot  
  90  6:20  Marine x3  
  93  6:28  Terran Infantry Armor Level 1  
  93  6:32  Marine  
  94  6:34  Marine x3  
  94  6:35  Medivac  
  94  6:37  Marine  
  97  6:47  Marine x2  
  97  6:50  Marine  
  97  6:52  Marine x2  
  96  6:58  Marine  
  96  6:59  Marine  
  95  7:03  Siege Tank  
  95  7:06  Supply Depot  
  95  7:07  Supply Depot  
  98  7:09  Marine x3  
  98  7:10  Marine  
  102  7:16  Medivac x2  
  102  7:26  Marine x3  
  102  7:27  Marine x2  
  104  7:34  Command Center, Marine x2  
  104  7:35  Siege Tank  
  109  7:43  Marine, Supply Depot  
  109  7:44  Supply Depot, Marine  
  111  7:46  Refinery  
  111  7:50  Marine x3  
  114  7:52  Marine x2  
  116  8:01  Marine x2  
  105  8:19  Marine x2  
  100  8:20  Marine x2  
  100  8:22  Siege Tank  
  106  8:29  Armory  
  106  8:30  Engineering Bay  
  106  8:34  Barracks Reactor x2  
  106  8:35  Concussive Shells, Marauder  
  106  8:37  Marine x3  
  106  8:38  Marine  
  112  8:56  Marauder  
  112  8:58  Command Center  
  113  9:06  Orbital Command  
Tags
 
Add a new tag
Caveats
  • Supply blocks, unpowered buildings, or Contaminate may cause inaccurate times.
  • Supply counts are checked every 10 seconds.